 Dungeon Sprint DCSS version 0.29-a0-1006-g0dd7720b37 (webtiles) character file.

Game seed: 14272474066575790134

680 wilfster70 the Cleaver (level 7, -2/69 HPs)
             Began as a Minotaur Fighter on Aug 6, 2022.
             Was an Initiate of Gozag.
             Killed by vampiric draining
             ... invoked by a vampire
              (17 damage)
             ... in the Dungeon (Sprint IX: "|||||||||||||||||||||||||||||").
             The game lasted 00:02:16 (265 turns).

wilfster70 the Cleaver (Minotaur Fighter)            Turns: 265, Time: 00:02:17

Health: -2/69      AC:  9    Str: 25    XL:     7   Next: 34%
Magic:  6/6        EV: 13    Int:  5    God:    Gozag
Gold:   0          SH:  6    Dex: 13    Spells: 6/6 levels left

rFire   . . .      SeeInvis .   a - +3 war axe (vorpal)
rCold   . . .      Faith    .   c - +0 buckler
rNeg    . . .      Spirit   .   n - +1 scale mail
rPois   .          Reflect  .   (helmet restricted)
rElec   .          Harm     .   (no cloak)
rCorr   .          Rampage  .   (no gloves)
Will    .....      NoTele   +   (no boots)
Stlth   ..........              (no amulet)
HPRegen 0.21/turn               d - +3 ring of strength
MPRegen 0.10/turn               o - +3 ring of dexterity

@: gold aura, invisible
A: horns 2, retaliatory headbutt
a: Renounce Religion, Potion Petition, Call Merchant, Bribe Branch


You were in the Dungeon.
You worshipped Gozag.
Gozag was noncommittal.
You visited 1 branch

Inventory:

Hand Weapons
 a - a +3 vorpal war axe (weapon)
 b - a +2 vorpal morningstar
Armour
 c - a +0 buckler (worn)
 n - a +1 scale mail (worn)
Jewellery
 d - a +3 ring of strength (left hand)
 o - a +3 ring of dexterity (right hand)
Wands
 m - a wand of roots (10)
Scrolls
 j - 2 scrolls of blinking
 l - 2 scrolls of amnesia
Potions
 e - 4 potions of curing
 g - a potion of haste
 h - 4 potions of magic
 i - a potion of berserk rage


   Skills:
 + Level 8.7 Fighting
 * Level 11.6 Axes
 + Level 8.7 Armour
 + Level 7.2 Dodging
 - Level 8.0 Shields


You had 6 spell levels left.
You didn't know any spells.
Your spell library was empty.

Dungeon Overview and Level Annotations

Branches:
Dungeon (1/1)

Altars:
Cheibriados
Dithmenos
Elyvilon
Fedhas
Gozag
Hepliaklqana
Kikubaaqudgha
Makhleb
Nemelex Xobeh
Okawaru
Qazlal
Ru
Sif Muna
Trog
Uskayaw
Vehumet
Wu Jian
Xom
Yredelemnul
Zin
The Shining One
Jiyva
Lugonu


Innate Abilities, Weirdness & Mutations

You have a pair of horns on your head.
You reflexively headbutt those who attack you in melee.


Message History

Something draws strength from your injuries!
You bump into the unnaturally hard rock wall.
Something hits you but does no damage. Something bites you but does no damage.
You barely miss something. You headbutt something!
Something hits you but does no damage. Something bites you but does no damage.
You bump into the unnaturally hard rock wall.
The wraith is no longer distracted by gold.
Something barely misses you. Something bites you but does no damage.
You bump into the unnaturally hard rock wall.
Something barely misses you. Something bites you but does no damage.
There is an open door to the Dungeon, spattered with blood here.
You see here 216 gold pieces.
You bump into the unnaturally hard rock wall.
Something hits you.
* * * LOW HITPOINT WARNING * * *
Something barely misses you.
You miss something. Your headbutt misses something.
Something barely misses you. x2
You bump into the unnaturally hard rock wall.
The wraith is distracted by your dazzling golden aura.
Something barely misses you. Something bites you.
* * * LOW HITPOINT WARNING * * *
Something draws strength from your injuries!
You bump into the unnaturally hard rock wall.
Something barely misses you. Something bites you.
* * * LOW HITPOINT WARNING * * *
Something draws strength from your injuries!
You feel better. You block something's attack.
Something bites you but does no damage.
You fade into invisibility!
The wraith is no longer distracted by gold.
Something hits you!
* * * LOW HITPOINT WARNING * * *
Something bites you but does no damage.
You slash something! You hit something but do no damage.
A vampire appears from thin air!
Reactivating autopickup.
The vampire draws life force from you!
You die...
Your body crumbles into a pile of gold. $$$$$ $$$$$ $ $ $ $$$$$ $ $ ▓▓▓▓▓▓▓▓▓▓▓▓▓▓▓▓▓▓▓▓▓▓▓▓ ______'..).[[[..@VW....+ ▓▓▓▓▓▓▓▓▓▓▓▓▓▓▓▓▓▓▓▓▓▓▓▓

You could see a vampire and a wraith.

Vanquished Creatures
  2 yaks (D)
  A vampire mosquito (D)
  A water moccasin (D)
  A phantom (D)
  2 orc priests (D)
  A hound (D)
  A dart slug (D)
  An orc (D)
  A goblin (D)
  A hobgoblin (D)
  A kobold (D)
  A rat (D)
14 creatures vanquished.

Notes
Turn   | Place    | Note
-------+----------+-------------------------------------------
     0 | D        | wilfster70 the Minotaur Fighter began the quest for the
                  | Orb.
     0 | D        | Reached XP level 1. HP: 19/19 MP: 0/0
     8 | D        | Reached skill level 3 in Axes
    11 | D        | Reached skill level 1 in Dodging
   101 | D        | Noticed a water moccasin
   101 | D        | Noticed an orc priest
   101 | D        | Noticed a phantom
   101 | D        | Noticed a hound
   105 | D        | Killed a water moccasin
   106 | D        | Reached skill level 5 in Fighting
   106 | D        | Reached skill level 6 in Axes
   106 | D        | Reached skill level 5 in Armour
   106 | D        | Reached skill level 5 in Shields
   106 | D        | Reached XP level 2. HP: 20/30 MP: 1/1
   106 | D        | Reached XP level 3. HP: 25/37 MP: 2/2
   106 | D        | Reached XP level 4. HP: 29/44 MP: 3/3
   107 | D        | Reached skill level 7 in Axes
   107 | D        | Reached XP level 5. HP: 34/50 MP: 4/4
   109 | D        | Killed a phantom
   110 | D        | Reached skill level 8 in Axes
   110 | D        | Reached skill level 5 in Dodging
   126 | D        | Found a snail-covered altar of Cheibriados.
   126 | D        | Found a shadowy altar of Dithmenos.
   126 | D        | Found a white marble altar of Elyvilon.
   126 | D        | Found a blossoming altar of Fedhas.
   126 | D        | Found an opulent altar of Gozag.
   127 | D        | Found a hazy altar of Hepliaklqana.
   128 | D        | Found a viscous altar of Jiyva.
   129 | D        | Found an ancient bone altar of Kikubaaqudgha.
   130 | D        | Found a corrupted altar of Lugonu.
   131 | D        | Found a burning altar of Makhleb.
   132 | D        | Found a sparkling altar of Nemelex Xobeh.
   133 | D        | Found an iron altar of Okawaru.
   134 | D        | Became a worshipper of Gozag Ym Sagoz the Greedy
   135 | D        | Found a stormy altar of Qazlal.
   136 | D        | Found a sacrificial altar of Ru.
   137 | D        | Found a shimmering blue altar of Sif Muna.
   138 | D        | Found a bloodstained altar of Trog.
   139 | D        | Found a hide-covered altar of Uskayaw.
   140 | D        | Found a radiant altar of Vehumet.
   141 | D        | Found an ornate altar of the Wu Jian Council.
   142 | D        | Found a shimmering altar of Xom.
   143 | D        | Found a basalt altar of Yredelemnul.
   144 | D        | Found a glowing silver altar of Zin.
   145 | D        | Found a glowing golden altar of the Shining One.
   223 | D        | Noticed a yak
   223 | D        | Noticed a vampire mosquito
   223 | D        | Noticed a yak
   223 | D        | Noticed a vampire
   223 | D        | Noticed a wraith
   229 | D        | Killed a yak
   230 | D        | Reached skill level 10 in Axes
   230 | D        | Reached XP level 6. HP: 26/61 MP: 5/5
   234 | D        | HP: 3/61 [orc priest/divine providence (14)]
   234 | D        | Killed a vampire mosquito
   235 | D        | Reached XP level 7. HP: 4/68 MP: 6/6
   238 | D        | Reached skill level 11 in Axes
   242 | D        | Killed a yak
   265 | D        | Killed from afar by a vampire

Illustrated notes

Levels and vault maps discovered:
D:        linesprint [early_d, line_temple, items_1, d_10, items_2, lair_1,
          lair_end, items_3, orc_1, orc_end, items_4, d_15, swamp_1, shoals_1,
          snake_1, spider_1, d_20, vaults_1, items_5, swamp_end, shoals_end,
          snake_end, spider_end, vaults_end, d_27, items_6, zot_1, zot_end,
          crypt_end, forest_end, elf_end, slime_end, tomb_end, abyss_end,
          pan_hell_end]

Skill      XL: |  1  2  3  4  5  6  7 |
---------------+----------------------+-----
Axes           | 6 7 10 11 | 11.6
Dodging        | 3 4 6 7 |  7.2
Fighting       | 5 6 7 8 |  8.7
Armour         | 5 6 7 8 |  8.7
Shields        | 5 6 7 8 |  8.0

Action                   |  1- 3 |  4- 6 |  7- 9 || total
-------------------------+-------+-------+-------++-------
Melee: War axe           |    13 |    16 |    14 ||    43
       Headbutt          |     1 |     5 |     2 ||     8
  Use: Potion            |     1 |       |     5 ||     6
Armor: Scale mail        |     4 |     4 |    13 ||    21
Dodge: Dodged            |     4 |    11 |    10 ||    25
Block: Buckler           |     2 |     3 |     1 ||     6

Table legend: (Time is in decaauts)
 A = Elapsed time spent in this place.
 B = Non-inter-level travel time spent in this place.
 C = Inter-level travel time spent in this place.
 D = Time resting spent in this place.
 E = Time spent auto-exploring this place.
 F = Levels seen in this place.
 G = Mean time per level.
                   A        B        C        D        E       F      G
               +--------+--------+--------+--------+--------+-----+--------+
         Total |    269 |    269 |      0 |    115 |      0 |   1 |  269.0 |
       Dungeon |    269 |    269 |      0 |    115 |      0 |   1 |  269.0 |
               +--------+--------+--------+--------+--------+-----+--------+

Top non-repeatable levels by time:
       D: 269 daAuts
